 Dungeon Crawl Stone Soup version 0.29.0-4-gdea44cf6ec (webtiles) character file.

Game seed: 12067460675121249533

3300 qw the Cleaver (level 10, -4/82 HPs)
             Began as a Formicid Cinder Acolyte on Sept 4, 2022.
             Was a Believer of Ignis.
             Slain by Erica
             ... wielding a +1 scimitar of flaming
              (8 damage)
             ... on level 8 of the Dungeon.
             The game lasted 00:02:53 (9099 turns).

qw the Cleaver (Formicid Cinder Acolyte)            Turns: 9099, Time: 00:02:53

Health: -4/82      AC: 20    Str: 23    XL:     10   Next: 20%
Magic:  11/11      EV:  8    Int: 14    God:    Ignis [**....]
Gold:   401        SH:  0    Dex:  9    Spells: 11/11 levels left

rFire   + . .      SeeInvis +   c - +0 broad axe
rCold   + . .      Faith    .   (no shield)
rNeg    . . .      Spirit   .   a - +0 chain mail
rPois   .          Reflect  .   (helmet unavailable)
rElec   .          Harm     .   (no cloak)
rCorr   .          Rampage  .   (no gloves)
Will    +....                   (no boots)
Stlth   ..........              j - amulet of the acrobat
HPRegen 0.23/turn               h - ring of protection from cold
MPRegen 0.12/turn               f - +4 ring of protection

@: fiery-armoured
A: permanent stasis, dig shafts and tunnels, antennae 3, four strong arms
a: Dig, Shaft Self, Renounce Religion, Fiery Armour, Foxfire Swarm, Rising Flame


You were on level 8 of the Dungeon.
You worshipped Ignis.
Ignis was pleased with you.
You visited 1 branch of the dungeon, and saw 8 of its levels.

You collected 401 gold pieces.


Innate Abilities, Weirdness & Mutations

You cannot be hasted, slowed, berserked, paralysed or teleported.
You can dig through walls and to a lower floor.
You have a pair of large antennae on your head. (SInv)
Your four strong arms can wield two-handed weapons with a shield.


   Skills:
 - Level 8.6 Fighting
 + Level 11.0 Axes
 - Level 1.5 Throwing
 - Level 4.0 Armour
 - Level 2.2 Dodging
 - Level 1.1 Spellcasting
 - Level 3.0 Fire Magic


You had 11 spell levels left.
You didn't know any spells.
Your spell library contained the following spells:

 Spells                   Type           Power      Damage    Failure   Level
 Scorch                   Fire           18%        2d5       65%         2

Inventory:

Hand Weapons
 c - a +0 broad axe (weapon)
 Y - a +2 hand axe of flaming
Missiles
 k - 4 boomerangs (quivered)
Armour
 a - a +0 chain mail (worn)
Jewellery
 f - a +4 ring of protection (right hand)
 h - a ring of protection from cold (left hand)
 i - a ring of ice
 j - an amulet of the acrobat (around neck)
Scrolls
 b - a scroll of identify
Potions
 d - a potion of might {unknown}
 e - a potion of mutation
 g - 6 potions of curing

Dungeon Overview and Level Annotations

Branches:
Dungeon (8/15)             Temple (0/1) D:5
   Lair: D:8-11

Altars:
Nemelex Xobeh

Shops:
D:2 (

Annotations:
D:6 3 runed translucent doors, qw's ghost, amateur MiBe; qw's ghost, novice TrCA
D:7 2 transporters, qw's ghost, novice FoCA
D:8 1 transporter, Erica; qw's ghost, novice TrCA


Message History

You slash Erica! Pikel barely misses you. Erica barely misses you.
You closely miss Pikel.
Pikel is almost dead.
You hit Erica.
Pikel says, "All the lords of Hell know my name!"
Pikel hits you but does no damage.
Pikel is burned by your cloak of flames.
Pikel is almost dead.
Pikel hits you but does no damage. Erica barely misses you.
You slash Pikel!
You kill Pikel!
You slash Erica!
With Pikel's spell broken, his former minions thank you for their freedom.
The lemure departs this earthly plane. x3
Erica points at you and mumbles some strange words.
The lance of force hits you.
You are knocked back by the lance of force.
You slam into the rock wall!
Your Fighting skill increases to level 8!
Erica zaps a wand.
The roots erupt in riotous growth!
The grasping roots grab you!
Erica is unaffected.
The grasping roots constrict you.
You slash Erica!
Erica is almost dead.
Erica hits you but does no damage.
Erica is burned by your cloak of flames.
Erica is almost dead.
The grasping roots constrict you.
You barely miss Erica.
Erica is almost dead.
Erica hits you but does no damage.
Erica is burned by your cloak of flames.
Erica is almost dead.
The grasping roots constrict you!
The grasping roots release their grip on you.
You closely miss Erica.
Erica is almost dead.
Erica hits you with a +1 scimitar of flaming!
You die...

.... ...# #...
#...... # #..##.#
...#.#.ยค##.#
......@)##)#
#@##.# #. #..#^#
#.## #..#.# ##..#
#..##..#.## ....
...........# #..#
.#.####.##.#####
#..#
#.........###..#
#..###.###..##..#
#..#
#######..#..#


You could see Erica (invisible).

Vanquished Creatures
  Pikel (D:8)
  Maggie (D:8)
  Sigmund (D:4)
  A steam dragon (D:7)
  A water moccasin (D:7)
  2 ice beasts (D:7)
  2 sky beasts
  An ogre (D:5)
  4 bullfrogs
  4 scorpions
  3 necrophages
  5 wights (D:8)
  3 howler monkeys
  7 hounds
  An orc priest (D:8)
  2 jellies
  4 iguanas
  4 orc wizards
  4 gnolls (D:5)
  6 adders
  2 shadow imps
  4 dart slugs
  16 orcs
  8 bats
  6 endoplasms
  4 giant cockroaches
  7 goblins
  5 hobgoblins
  8 jackals
  7 kobolds
  A quokka (D:1)
  8 ball pythons
  A frilled lizard (D:1)
  3 rats
137 creatures vanquished.

Notes
Turn   | Place    | Note
-------+----------+-------------------------------------------
     0 | D:1      | qw the Formicid Cinder Acolyte began the quest for the Orb.
     0 | D:1      | Reached XP level 1. HP: 18/18 MP: 2/2
     0 | D:1      | 0 ||| qw: Version: 0.1-a-103-gd6f5d3a
     0 | D:1      | 0 ||| qw: Game counter: 5446
     0 | D:1      | 0 ||| qw: Always use a shield: true
     0 | D:1      | 0 ||| qw: God list: Okawaru
     0 | D:1      | 0 ||| qw: Allow faded altars: false
     0 | D:1      | 0 ||| qw: Do Orc after D:15 true
     0 | D:1      | 0 ||| qw: Do second Lair branch before Depths: true
     0 | D:1      | 0 ||| qw: Lair rune preference: random
     0 | D:1      | 0 ||| qw: Plans: Normal
     0 | D:1      | 0 ||| PLANNING D:1-11
    29 | D:1      | 29 ||| Stepping ~*~*~tactically~*~*~ (stealth).
   221 | D:1      | 221 ||| Stepping ~*~*~tactically~*~*~ (stealth).
   228 | D:1      | 228 ||| Stepping ~*~*~tactically~*~*~ (stealth).
   231 | D:1      | Reached XP level 2. HP: 13/24 MP: 3/3
   232 | D:1      | 232 ||| Stepping ~*~*~tactically~*~*~ (stealth).
   245 | D:1      | 245 ||| Stepping ~*~*~tactically~*~*~ (stealth).
   247 | D:1      | 247 ||| Stepping ~*~*~tactically~*~*~ (stealth).
   258 | D:1      | 258 ||| INVOKING Fiery Armour.
   500 | D:1      | 500 ||| Stepping ~*~*~tactically~*~*~ (stealth).
   508 | D:1      | 508 ||| Stepping ~*~*~tactically~*~*~ (stealth).
   649 | D:1      | Reached skill level 4 in Axes
   649 | D:1      | Reached XP level 3. HP: 26/29 MP: 4/4
   691 | D:1      | 691 ||| Stepping ~*~*~tactically~*~*~ (hiding).
   692 | D:1      | 692 ||| Stepping ~*~*~tactically~*~*~ (hiding).
   857 | D:1      | 857 ||| Stepping ~*~*~tactically~*~*~ (hiding).
   858 | D:1      | 858 ||| Stepping ~*~*~tactically~*~*~ (hiding).
   872 | D:1      | Reached skill level 1 in Dodging
  1246 | D:1      | Found a faded altar of an unknown god.
  1294 | D:1      | 1294 ||| UPGRADING to +0 leather armour.
  1304 | D:1      | 1304 ||| DROPPING +0 robe.
  1305 | D:1      | 1305 ||| READING scroll labelled LYELEH MYTA.
  1306 | D:1      | 1306 ||| READING scroll labelled YLE IGAORATILL.
  1577 | D:2      | 1577 ||| FLEEEEING.
  1587 | D:2      | 1587 ||| FLEEEEING.
  1591 | D:2      | 1591 ||| FLEEEEING.
  1592 | D:2      | 1592 ||| FLEEEEING.
  1593 | D:2      | 1593 ||| FLEEEEING.
  1594 | D:2      | 1594 ||| FLEEEEING.
  1595 | D:2      | 1595 ||| FLEEEEING.
  1596 | D:2      | 1596 ||| FLEEEEING.
  1597 | D:2      | 1597 ||| FLEEEEING.
  1598 | D:2      | 1598 ||| FLEEEEING.
  1812 | D:2      | Found a sparkling altar of Nemelex Xobeh.
  1836 | D:2      | Found Wuogacs's Antique Weapon Shoppe.
  2036 | D:2      | Reached XP level 4. HP: 30/35 MP: 5/5
  2515 | D:2      | 2515 ||| UPGRADING to +0 ring mail.
  2525 | D:2      | 2525 ||| DROPPING +0 leather armour.
  2526 | D:2      | 2526 ||| READING scroll labelled UMANOM TOYTWY.
  2627 | D:2      | 2627 ||| READING 2 scrolls of identify.
  2627 | D:2      | 2627 ||| IDENTIFYING yellow potion
  2628 | D:2      | 2628 ||| DROPPING potion of berserk rage.
  2642 | D:3      | 2642 ||| STAIRDANCE
  2719 | D:3      | 2719 ||| Stepping ~*~*~tactically~*~*~ (stealth).
  2720 | D:3      | 2720 ||| Stepping ~*~*~tactically~*~*~ (stealth).
  2723 | D:3      | 2723 ||| Stepping ~*~*~tactically~*~*~ (stealth).
  2740 | D:3      | Reached skill level 1 in Armour
  2792 | D:3      | 2792 ||| INVOKING Fiery Armour.
  2793 | D:3      | HP: 7/35 [orc/+1 vorpal hand axe (2)]
  2849 | D:3      | 2849 ||| FLEEEEING.
  2850 | D:3      | 2850 ||| FLEEEEING.
  2851 | D:3      | 2851 ||| FLEEEEING.
  3082 | D:3      | Reached XP level 5. HP: 33/41 MP: 6/6
  3188 | D:3      | Reached skill level 5 in Axes
  3651 | D:3      | 3651 ||| UPGRADING to +0 scale mail.
  3661 | D:3      | 3661 ||| DROPPING +0 ring mail.
  3662 | D:3      | 3662 ||| UPGRADING to amulet of the acrobat.
  3667 | D:3      | 3667 ||| UPGRADING to ring of protection from cold.
  3668 | D:3      | 3668 ||| READING scroll labelled FYDOOM EPUFOLL.
  3669 | D:3      | 3669 ||| READING scroll labelled EMASHR OKYMAZEA.
  3670 | D:3      | 3670 ||| READING scroll labelled ZAEDIU JEUHE.
  3671 | D:3      | 3671 ||| DRINKING 2 grey potions.
  3692 | D:4      | Noticed Sigmund
  3693 | D:4      | 3693 ||| Stepping ~*~*~tactically~*~*~ (hiding).
  3696 | D:4      | 3696 ||| INVOKING Fiery Armour.
  3703 | D:4      | Killed Sigmund
  3704 | D:4      | Reached skill level 6 in Axes
  3704 | D:4      | Reached XP level 6. HP: 29/47 MP: 7/7
  3901 | D:4      | 3901 ||| Stepping ~*~*~tactically~*~*~ (hiding).
  4124 | D:4      | Reached XP level 7. HP: 42/54 MP: 8/8
  4229 | D:4      | Reached skill level 7 in Axes
  4245 | D:4      | Reached skill level 1 in Throwing
  4552 | D:4      | 4552 ||| READING scroll labelled GIHEXU IKICW.
  4553 | D:4      | 4553 ||| READING scroll labelled IDWOESI JEUCEE.
  4554 | D:4      | 4554 ||| DRINKING 2 silvery potions.
  4555 | D:4      | 4555 ||| DROPPING potion of flight.
  4556 | D:4      | 4556 ||| Stepping randomly (stuck).
  4557 | D:4      | 4557 ||| Stepping ~*~*~tactically~*~*~ (cloud).
  4764 | D:5      | Entered Level 5 of the Dungeon
  4808 | D:5      | 4808 ||| Stepping ~*~*~tactically~*~*~ (stealth).
  4810 | D:5      | 4810 ||| Stepping ~*~*~tactically~*~*~ (hiding).
  4815 | D:5      | 4815 ||| Stepping ~*~*~tactically~*~*~ (hiding).
  4827 | D:5      | 4827 ||| INVOKING Fiery Armour.
  4873 | D:5      | 4873 ||| Stepping ~*~*~tactically~*~*~ (stealth).
  4874 | D:5      | 4874 ||| Stepping ~*~*~tactically~*~*~ (stealth).
  4879 | D:5      | 4879 ||| Stepping ~*~*~tactically~*~*~ (stealth).
  4890 | D:5      | 4890 ||| Stepping ~*~*~tactically~*~*~ (stealth).
  4894 | D:5      | 4894 ||| Stepping ~*~*~tactically~*~*~ (stealth).
  5111 | D:5      | 5111 ||| INVOKING Fiery Armour.
  5114 | D:5      | HP: 8/54 [iguana (11)]
  5116 | D:5      | Reached skill level 8 in Axes
  5388 | D:5      | You fall into a shaft and drop 1 floor!
  5401 | D:6      | Reached XP level 8. HP: 54/60 MP: 9/9
  5417 | D:6      | 5417 ||| INVOKING Fiery Armour.
  5654 | D:6      | 5654 ||| UPGRADING to +0 chain mail.
  5664 | D:6      | 5664 ||| DROPPING +0 scale mail.
  5665 | D:6      | 5665 ||| READING scroll labelled COSICAITEO.
  5858 | D:5      | Reached skill level 3 in Armour
  5999 | D:5      | Found a staircase to the Ecumenical Temple.
  6145 | D:5      | 6145 ||| DRINKING 2 blue potions.
  6146 | D:5      | 6146 ||| READING 2 scrolls of identify.
  6146 | D:5      | 6146 ||| IDENTIFYING fuming inky potion
  6147 | D:5      | 6147 ||| DROPPING potion of magic.
  6148 | D:5      | 6148 ||| DROPPING potion of degeneration.
  6466 | D:6      | Found a runed translucent gate.
  6466 | D:6      | Found a runed translucent gate.
  6466 | D:6      | Found a runed translucent gate.
  6466 | D:6      | Noticed qw's ghost (novice TrCA)
  6467 | D:6      | Noticed qw's ghost (amateur MiBe)
  6568 | D:6      | 6568 ||| DROPPING ring of flight.
  6569 | D:6      | 6569 ||| UPGRADING to +4 ring of protection.
  6570 | D:6      | 6570 ||| READING 2 scrolls of identify.
  6570 | D:6      | 6570 ||| IDENTIFYING fizzy amethyst potion
  6571 | D:6      | 6571 ||| DROPPING potion of lignification.
  6613 | D:7      | Reached skill level 9 in Axes
  6639 | D:7      | 6639 ||| Stepping ~*~*~tactically~*~*~ (stealth).
  6640 | D:7      | 6640 ||| Stepping ~*~*~tactically~*~*~ (stealth).
  6750 | D:7      | Found a transporter.
  6764 | D:7      | 6764 ||| Stepping ~*~*~tactically~*~*~ (hiding).
  6780 | D:7      | 6780 ||| INVOKING Fiery Armour.
  6781 | D:7      | Reached XP level 9. HP: 29/69 MP: 10/10
  6783 | D:7      | 6783 ||| FLEEEEING.
  6789 | D:7      | Noticed qw's ghost (novice FoCA)
  7023 | D:7      | Reached skill level 6 in Fighting
  7265 | D:7      | 7265 ||| DRINKING 7 potions of curing.
  7265 | D:7      | 7265 ||| (to cure confusion)
  7295 | D:7      | Reached skill level 10 in Axes
  8254 | D:7      | Found a transporter.
  8527 | D:7      | 8527 ||| DROPPING orb of light.
  8528 | D:7      | 8528 ||| READING 2 scrolls labelled NAROR YSERIFO.
  8529 | D:7      | 8529 ||| READING scroll of enchant weapon.
  8529 | D:7      | 8529 ||| ENCHANTING +0 hand axe of flaming.
  8530 | D:7      | 8530 ||| READING scroll labelled CUERGH ADOSME.
  8531 | D:7      | 8531 ||| READING 2 scrolls of identify.
  8531 | D:7      | 8531 ||| IDENTIFYING red potion
  8575 | D:8      | 8575 ||| READING scroll of enchant weapon.
  8575 | D:8      | 8575 ||| ENCHANTING +1 hand axe of flaming.
  8582 | D:8      | Noticed Maggie
  8608 | D:8      | Killed Maggie
  8647 | D:8      | 8647 ||| FLEEEEING.
  8648 | D:8      | 8648 ||| STAIRDANCE
  8757 | D:7      | 8757 ||| READING scroll labelled BUIS MIETIATT.
  8763 | D:8      | 8763 ||| SWAPPING to +0 broad axe.
  8767 | D:8      | 8767 ||| Stepping ~*~*~tactically~*~*~ (stealth).
  8782 | D:8      | 8782 ||| FLEEEEING.
  8793 | D:8      | Reached skill level 11 in Axes
  8985 | D:8      | Reached XP level 10. HP: 70/79 MP: 11/11
  9031 | D:8      | Found a transporter.
  9049 | D:8      | Noticed qw's ghost (novice TrCA)
  9080 | D:8      | 9080 ||| INVOKING Fiery Armour.
  9080 | D:8      | Noticed Erica
  9083 | D:8      | Noticed Pikel
  9095 | D:8      | Killed Pikel
  9095 | D:8      | HP: 15/79 [rock wall collision (14)]
  9098 | D:8      | HP: 4/82 [constriction (7)]
  9099 | D:8      | Slain by Erica

Levels and vault maps discovered:
D:1:      minmay_arrival_semitransparent, layout_rooms,
          hellmonk_ecumenical_altar_defaced_shrine
D:2:      layout_basic, basic_altar, serial_shops, shop_statue,
          grunt_ministairs_7, dk_noncrumbling_4, interstate_on_off
D:3:      layout_rooms
D:4:      layout_loops_ring, uniq_sigmund
D:5:      layout_rooms, minmay_temple_entry_mist
D:6:      layout_basic, gammafunk_ghost_cemetery, grunt_decor_mini_mirrors
D:7:      minmay_razor_zed, layout_basic, nzn_ghost_randoct
D:8:      layout_loops_ring, gammafunk_ghost_hive, nicolae_shop_clearance,
          uniq_pikel, uniq_erica, uniq_maggie

Skill      XL: |  1  2  3  4  5  6  7  8  9 10 |
---------------+-------------------------------+-----
Axes           | 4 6 8 9 11 | 11.0
Dodging        | 1 2 |  2.2
Armour         | 1 2 3 4 |  4.0
Fighting       | 4 5 7 8 |  8.6
Throwing       | 1 |  1.5
Spellcasting   | |  1.1
Fire Magic     | |  3.0

Action                   |  1- 3 |  4- 6 |  7- 9 | 10-12 || total
-------------------------+-------+-------+-------+-------++-------
Melee: Hand axe          |   113 |   145 |   326 |       ||   584
       Punch             |     1 |     2 |     6 |       ||     9
       Broad axe         |       |       |    28 |    18 ||    46
Throw: Boomerang         |       |     9 |    33 |       ||    42
Invok: Fiery Armour      |     1 |     2 |     4 |     1 ||     8
  Use: Scroll            |     2 |     5 |    11 |       ||    18
       Potion            |       |     1 |     3 |       ||     4
Armor: Robe              |    19 |       |       |       ||    19
       Leather armour    |    13 |     5 |       |       ||    18
       Ring mail         |       |    34 |       |       ||    34
       Scale mail        |       |    16 |    45 |       ||    61
       Chain mail        |       |       |    86 |    17 ||   103
Dodge: Dodged            |    61 |    83 |   118 |     7 ||   269

Table legend:
 A = Non-vault XP
 B = Vault XP
 C = Vault XP percentage of total XP
 D = Non-vault monster count
 E = Vault monster count
 F = Vault count percentage of total count
                 A         B        C        D         E       F
            +---------+---------+-------+---------+---------+-------
      Total |    2882 |    1833 |  38.9 |     119 |      18 |  13.1
            +---------+---------+-------+---------+---------+-------
        D:1 |      51 |       5 |   8.9 |      27 |       3 |  10.0
        D:2 |      32 |       3 |   8.6 |      10 |       2 |  16.7
        D:3 |      90 |       0 |   0.0 |      23 |       0 |   0.0
        D:4 |     365 |     231 |  38.8 |      14 |       1 |   6.7
        D:5 |     399 |       0 |   0.0 |       9 |       0 |   0.0
        D:6 |     588 |       0 |   0.0 |       8 |       0 |   0.0
        D:7 |     733 |     588 |  44.5 |      15 |      10 |  40.0
        D:8 |     624 |    1006 |  61.7 |      13 |       2 |  13.3
            +---------+---------+-------+---------+---------+-------
